 Dungeon Crawl Stone Soup version 0.24.0-123-gd5b16e6ec5 (webtiles) character file.

Game seed: 1425325513417760090, levelgen mode: deterministic

76 Martska the Sneak (level 4, 21/21 HPs)
             Began as a Spriggan Enchanter on Feb 7, 2020.
             Quit the game on level 3 of the Dungeon on Feb 9, 2020.
             The game lasted 00:15:49 (3040 turns).

Martska the Sneak (Spriggan Enchanter)              Turns: 3040, Time: 00:15:50

Health: 21/21      AC:  2    Str:  5    XL:     4   Next: 12%
Magic:  9/9        EV: 19    Int: 16    God:
Gold:   189        SH:  0    Dex: 16    Spells: 6/9 levels left

rFire    . . .     SeeInvis +   t - -2 dagger (curse)
rCold    . . .     Gourm    .   (shield restricted)
rNeg     . . .     Faith    .   b - +0 robe
rPois    .         Spirit   .   (helmet restricted)
rElec    .         Reflect  .   (no cloak)
rCorr    .         Harm     .   (gloves unavailable)
MR       .....                  (boots unavailable)
Stlth    +++.......             (no amulet)
HPRegen  0.07/turn              (no ring)
MPRegen  0.11/turn              (no ring)

@: very quick
A: very small, unfitting armour, see invisible, herbivore, speed 3, slow
metabolism 2
a: no special abilities


You were on level 3 of the Dungeon.
You were not hungry.

You visited 1 branch of the dungeon, and saw 3 of its levels.

You collected 189 gold pieces.

Inventory:

Hand Weapons
 a - a +1 dagger
 j - a +0 dagger
 s - a +1 short sword of draining
 t - a cursed -2 dagger (weapon)
Armour
 b - a +0 robe (worn)
 q - a +1 ring mail of poison resistance
Jewellery
 g - an uncursed amulet of faith
Wands
 r - a wand of flame (3)
Scrolls
 f - 2 scrolls of identify
 k - 2 scrolls of noise
Potions
 c - a potion of lignification {unknown}
 e - 2 potions of degeneration {unknown}
 h - a potion of curing {unknown}
 m - a potion of flight {unknown}
 o - 2 potions of ambrosia {unknown}
 p - 2 potions of haste {unknown}
Comestibles
 d - 4 rations


   Skills:
 * Level 2.5 Short Blades
 + Level 3.6 Dodging
 * Level 5.6 Stealth
 + Level 3.1 Spellcasting
 + Level 4.1 Hexes


You had 6 spell levels left.
You knew the following spells:

 Your Spells              Type           Power        Failure   Level  Hunger
a - Corona                Hex            ###....      3%          1    None
b - Ensorcelled Hibernat  Hex/Ice        #.....       12%         2    ##.....

Your spell library contained the following spells:

 Spells                   Type           Power        Failure   Level  Hunger
 Confusing Touch          Hex            ###...       3%          1    None
 Confuse                  Hex            ###.....     11%         3    ###....
 Tukima's Dance           Hex            ###.....     11%         3    ###....
 Dazzling Spray           Conj/Hex       #.....       24%         3    ###....
 Gell's Gravitas          Tloc           #.........   50%         3    ###....
 Petrify                  Tmut/Erth      #.......     88%         4    ####...
 Metabolic Englaciation   Hex/Ice        #.........   91%         5    ######.
 Yara's Violent Unravell  Hex/Tmut       #.........   91%         5    ######.


Dungeon Overview and Level Annotations

Branches:
Dungeon (3/15)

Altars:


Innate Abilities, Weirdness & Mutations

You are very small and have problems with some larger weapons.
You are too small for most types of armour.
You have supernaturally acute eyesight. (SInv)
You are a herbivore.
You cover ground extremely quickly.
You need to consume almost no food.


Message History

There is an open door here.
You open the door.
There is an open door here.
Found a quarterstaff.
Found a stone staircase leading down.
Found a fuming purple potion.
You see here a quarterstaff.
A bat comes into view.
Found 8 gold pieces.
You see here a fuming purple potion.
o - 2 fuming purple potions (gained 1)
You see here 8 gold pieces.
You now have 189 gold pieces (gained 8).
The bat barely misses you.
You closely miss the bat. The bat barely misses you.
The bat completely misses you. The bat misses you.
You closely miss the bat. The bat hits you but does no damage.
The bat misses you.
Unknown command.
Are you sure you want to abandon this character and quit the game? (Confirm with "yes".)

#. #.#.#.#.#.#.#
#.##.#.#.#.#.
....#.#.#.#.#.#
....###########
....# #.'
#######.#.# #.#
#.......#.# #.#
#...b.....#
######'#
#...@.....#
#.......
#.........#
#.......
########..##
#....... #.....#
#.......
#.....###.......
#...>)..........
#.........######
####+#....#
#....#


You could see a bat.

Vanquished Creatures
  An adder (D:2)
  An ooze (D:3)
  3 dart slugs
  2 leopard geckos
  5 giant cockroaches
  6 goblins
  3 hobgoblins
  8 jackals
  3 ball pythons
  4 bats
  4 frilled lizards
  9 kobolds
  4 rats
53 creatures vanquished.

Vanquished Creatures (others)
  4 toadstools (D:1)
4 creatures vanquished.

Grand Total: 57 creatures vanquished

Notes
Turn   | Place    | Note
-------+----------+-------------------------------------------
     0 | D:1      | Martska the Spriggan Enchanter began the quest for the Orb.
     0 | D:1      | Reached XP level 1. HP: 9/9 MP: 5/5
   915 | D:1      | Reached XP level 2. HP: 13/13 MP: 6/6
   923 | D:1      | Learned a level 2 spell: Ensorcelled Hibernation
  1463 | D:2      | Reached skill level 5 in Stealth
  1800 | D:2      | Reached XP level 3. HP: 9/16 MP: 2/8
  2846 | D:3      | Reached XP level 4. HP: 18/21 MP: 9/9
  3040 | D:3      | Quit the game

Levels and vault maps discovered:
D:1:      ldierk_walled_garden_2, layout_basic, chequers_serial_rivers_large_a,
          minmay_hexomino_c4
D:2:      layout_basic, kennysheep_big_empty_room
D:3:      layout_basic, uniq_sigmund

Skill      XL: |  1  2  3 |
---------------+----------+-----
Stealth        | 5 |  5.6
Short Blades   | 2 |  2.5
Spellcasting   | 3 |  3.1
Hexes          | 4 |  4.1
Dodging        | |  3.6

Action                   |  1- 3 |  4- 6 || total
-------------------------+-------+-------++-------
Melee: Dagger            |   219 |    16 ||   235
 Cast: Corona            |     3 |       ||     3
       Ensorcelled Hiber |    18 |     3 ||    21
  Use: Scroll            |       |     4 ||     4
 Stab: Sleeping          |    21 |     3 ||    24
       Distracted        |     2 |     1 ||     3
  Eat: Ration            |     1 |       ||     1
Armor: Robe              |    21 |     1 ||    22
Dodge: Dodged            |   182 |    23 ||   205
